 Dungeon Crawl Stone Soup version 0.19.1 (webtiles) character file.

2114 empire the Skirmisher (level 9, -11/80 HPs)
             Began as a Minotaur Monk on Dec 9, 2016.
             Killed from afar by Erica (20 damage)
             ... with a bolt of poison
             ... on level 7 of the Dungeon.
             The game lasted 00:19:59 (7968 turns).

empire the Skirmisher (Minotaur Monk)               Turns: 7968, Time: 00:20:00

Health: -11/80     AC: 16    Str: 20      XL:     9   Next: 8%
Magic:  8/8        EV:  6    Int:  6 (7)  God:
Gold:   381        SH: 10    Dex: 11 (12) Spells: 0 memorised, 8 levels left

rFire  . . .     SeeInvis .     a - +1 falchion
rCold  . . .     Gourm    .     o - +0 plate armour
rNeg   . . .     Faith    .     e - +1 shield
rPois  .         Spirit   .     (helmet restricted)
rElec  .         Reflect  .     (no cloak)
rCorr  .         Harm     .     (no gloves)
MR     .....                    g - +2 pair of boots
Stlth  ..........               (no amulet)
                                (no ring)
                                (no ring)

@: lethally poisoned (-11 -> -27)
A: retaliatory headbutt, horns 2, blurry vision 1, mutation resistance 1
a: no special abilities


You were on level 7 of the Dungeon.
You were hungry.

You visited 1 branch of the dungeon, and saw 8 of its levels.

You collected 381 gold pieces.

Inventory:

Hand Weapons
 a - a +1 falchion (weapon)
 m - a +2 dagger of speed
 w - a +2 dagger of venom
 x - the +9 long sword of Virtue {slice, rC++ rN+ Dex-5}
   (You found it on level 5 of the Dungeon)

   It inflicts extra damage upon your enemies.
   It affects your dexterity (-5).
   It greatly protects you from cold.
   It protects you from negative energy.
 z - a +3 spear
Missiles
 h - 32 bolts
 i - 103 arrows
 k - 9 poisoned needles
Armour
 e - a +1 shield (worn)
 g - a +2 pair of boots (worn)
 o - a +0 plate armour (worn)
Magical Staves
 b - an uncursed staff of earth {unknown}
 B - an uncursed staff of cold {unknown}
Jewellery
 l - an uncursed ring of stealth {unknown}
 p - an uncursed ring of wizardry {unknown}
 s - an uncursed ring of protection from cold {unknown}
 y - an uncursed ring of protection from magic {unknown}
 D - a cursed ring of loudness {unknown}
 G - a cursed -3 ring of evasion {unknown}
 H - an uncursed ring of magical power {unknown}
Wands
 q - a wand of disintegration (10/24)
 t - a wand of confusion (33/48)
Scrolls
 j - 2 scrolls of enchant weapon
 r - a scroll of amnesia
 v - a scroll of noise
 F - a scroll of fog
Books
 C - a book of Callings

   Spells                             Type                      Level
   a - Summon Small Mammal            Summoning                    1
   b - Call Imp                       Summoning                    2
   c - Call Canine Familiar           Summoning                    3
   d - Summon Guardian Golem          Hexes/Summoning              3
   e - Summon Lightning Spire         Summoning/Air                4
   f - Summon Ice Beast               Ice/Summoning                4
 E - a book of Air

   Spells                             Type                      Level
   a - Shock                          Conjuration/Air              1
   b - Swiftness                      Charms/Air                   2
   c - Repel Missiles                 Charms/Air                   2
   d - Static Discharge               Conjuration/Air              3
   e - Lightning Bolt                 Conjuration/Air              5
Comestibles
 c - 2 bread rations
 d - 2 slices of pizza
 f - 3 meat rations
 n - 2 chunks of flesh
 u - 2 fruits
 I - a beef jerky


   Skills:
 + Level 7.7 Fighting
 + Level 7.5 Long Blades
 + Level 6.4 Armour
 + Level 7.0 Dodging
 - Level 1.5 Stealth
 + Level 4.9 Shields
 + Level 0.1 Evocations


You had 8 spell levels left.
You didn't know any spells.

Dungeon Overview and Level Annotations

Branches:
Dungeon (8/15)
 Temple: D:4-7         Lair: D:8-11

Altars:
Hepliaklqana
Qazlal
Ru
Sif Muna
Uskayaw
The Shining One

Annotations:
D:7 Erica; Thomus's ghost, novice HOFi


Innate Abilities, Weirdness & Mutations

You reflexively headbutt those who attack you in melee.
You have a pair of horns on your head.
Scrolls take you a little longer to read.
You are somewhat resistant to further mutation.


Message History

Okay, then.
Evoke which item? (* to show all) (? for menu, Esc to quit)
Zapping:
q - a wand of disintegration (12/24)
Press: ? - help, Shift-Dir - straight line, f - Thomus's ghost
Aim: Thomus's ghost, wielding a weapon of protection (heavily damaged, chance to defeat MR: 30%) Thomus's ghost is blasted.
This wand has 11 charges left.
You feel sick. Thomus's ghost hits you.
* * * LOW HITPOINT WARNING * * *
Evoke which item? (* to show all) (? for menu, Esc to quit)
Zapping:
q - a wand of disintegration (11/24)
Press: ? - help, Shift-Dir - straight line, f/p - Thomus's ghost
Aim: Thomus's ghost, wielding a weapon of protection (severely damaged, chance to defeat MR: 30%) Thomus's ghost easily resists.
This wand has 10 charges left.
You feel sick.
Thomus's ghost shrieks, "I was like you once."
You block Thomus's ghost's attack.
Erica points at you and mumbles some strange words.
The bolt of poison hits Thomus's ghost.
Thomus's ghost completely resists.
The bolt of poison hits you!
You are lethally poisoned!
You die...

...)..## #.# .####.#
#######.###### .# #.#
#..§§§h.....)## .# #..
#§#####.....).# .# #.##
#.# ######..# .# #.#
#h# #..## .# #.# #@#
#...# )# .# #W# #...###
.# #@# ####...... ##
#.....# #.........
...###### #.###..### ##
.##.# #.$# ...#.##.#
#..#
###########...##.###..#
......................#
#...###..###.#.#......#
#...##...###..........#


You could see Erica, a howler monkey and Thomus's ghost.

Vanquished Creatures
  Grinder (D:6)
  Duvessa (D:5)
  An orc warrior (D:7)
  2 ogres
  2 centaurs
  2 bullfrogs (D:6)
  Dowan (D:5)
  3 scorpions
  A howler monkey (D:5)
  2 crimson imps
  A bullfrog zombie (D:6)
  3 jellies
  3 hounds
  A bullfrog skeleton (D:4)
  2 iguanas
  7 orc wizards
  6 worker ants
  10 gnolls
  A howler monkey skeleton (D:6)
  11 adders
  2 oozes (D:3)
  An adder skeleton (D:5)
  4 worms (D:2)
  3 dart slugs
  17 orcs
  5 bats
  8 giant cockroaches
  8 goblins
  7 hobgoblins
  3 jackals (D:6)
  2 quokkas
  A ball python (D:3)
  2 frilled lizards
  A jackal skeleton (D:4)
  6 kobolds
  A quokka skeleton (D:4)
  7 rats
139 creatures vanquished.

Notes
Turn   | Place    | Note
-------+----------+-------------------------------------------
     0 | D:1      | empire the Minotaur Monk began the quest for the Orb.
     0 | D:1      | Reached XP level 1. HP: 19/19 MP: 0/0
   277 | D:1      | Reached skill level 1 in Armour
   391 | D:1      | Reached XP level 2. HP: 27/27 MP: 1/1
   849 | D:2      | Reached XP level 3. HP: 29/33 MP: 2/2
  1404 | D:2      | Reached XP level 4. HP: 40/40 MP: 3/3
  2274 | D:3      | Reached XP level 5. HP: 47/47 MP: 4/4
  2458 | D:3      | Found a stormy altar of Qazlal.
  2460 | D:3      | Noticed an air elemental
  2461 | D:3      | Noticed a water elemental
  2461 | D:3      | Noticed a fire elemental
  3007 | D:4      | Reached skill level 5 in Fighting
  3014 | D:4      | Reached skill level 5 in Long Blades
  3014 | D:4      | Reached XP level 6. HP: 45/56 MP: 5/5
  3274 | D:4      | Found a glowing golden altar of the Shining One.
  3287 | D:4      | Found a deep blue altar of Sif Muna.
  3412 | D:4      | Found a sacrificial altar of Ru.
  3465 | D:4      | HP: 2/56 [poisoned by an orc wizard]
  3473 | D:4      | HP: 2/56 [poisoned by an orc wizard]
  3832 | D:4      | Reached skill level 5 in Dodging
  4161 | D:5      | Entered Level 5 of the Dungeon
  4245 | D:5      | Reached XP level 7. HP: 14/62 MP: 6/6
  4358 | D:5      | Reached skill level 1 in Shields
  4904 | D:5      | Noticed Duvessa
  4904 | D:5      | Noticed Dowan
  4911 | D:5      | Reached skill level 5 in Armour
  4922 | D:5      | Gained mutation: You are somewhat resistant to further mutation. [potion of mutation]
  4922 | D:5      | Gained mutation: Scrolls take you a little longer to read. [potion of mutation]
  4926 | D:5      | Killed Duvessa
  4930 | D:5      | Killed Dowan
  5189 | D:5      | Got an encrusted long sword
  5297 | D:5      | Identified the +9 long sword of Virtue {slice, rC++ rN+ Dex-5} (You found it on level 5 of the Dungeon)
  5349 | D:5      | Found a faded altar of an unknown god.
  5349 | D:5      | Found a faded altar of an unknown god.
  5354 | D:5      | Found a faded altar of an unknown god.
  5356 | D:5      | Found a faded altar of an unknown god.
  5357 | D:5      | Found a hazy altar of Hepliaklqana.
  5425 | D:5      | Reached XP level 8. HP: 68/71 MP: 7/7
  6219 | D:6      | Noticed Grinder
  6221 | D:6      | Paralysed by Grinder for 3 turns
  6241 | D:6      | Paralysed by Grinder for 4 turns
  6247 | D:6      | Killed Grinder
  7025 | D:7      | Noticed Thomus's ghost (novice HOFi)
  7064 | D:8      | Noticed Erica
  7409 | D:7      | Reached XP level 9. HP: 30/79 MP: 8/8
  7445 | D:7      | Found a hide-covered altar of Uskayaw.
  7968 | D:7      | Killed from afar by Erica

Skill      XL: |  1  2  3  4  5  6  7  8  9 |
---------------+----------------------------+-----
Armour         | 1 2 3 4 5 6 |  6.4
Fighting       | 4 5 6 7 |  7.7
Long Blades    | 4 5 6 7 |  7.5
Dodging        | 4 5 6 7 |  7.0
Shields        | 2 4 |  4.9
Stealth        | |  1.5
Evocations     | |  0.1

Action                   |  1- 3 |  4- 6 |  7- 9 || total
-------------------------+-------+-------+-------++-------
Melee: Falchion          |    58 |   152 |   261 ||   471
       Headbutt          |    10 |    38 |    61 ||   109
Evoke: Wand              |       |       |     5 ||     5
  Use: Scroll            |     6 |     2 |     8 ||    16
       Potion            |       |     1 |    13 ||    14
 Stab: Sleeping          |     4 |       |       ||     4
       Invisible         |       |       |     5 ||     5
  Eat: Chunk             |     1 |     9 |    10 ||    20
       Fruit             |       |       |     3 ||     3
Armor: Leather armour    |     1 |       |       ||     1
       Ring mail         |     9 |     9 |       ||    18
       Scale mail        |       |    31 |       ||    31
       Chain mail        |       |    11 |    91 ||   102
       Plate armour      |       |       |    21 ||    21
Dodge: Dodged            |    40 |    83 |    65 ||   188
Block: Shield            |       |    12 |   129 ||   141
       Rpst.: Falchion   |    15 |    21 |    17 ||    53
